 Dungeon Sprint DCSS version 0.22.1-2-g9c5b331 (webtiles) character file.

256 diana the Chopper (level 5, -1/44 HPs)
             Began as a Demonspawn Gladiator on Dec 12, 2018.
             Was an Elder of Makhleb.
             Slain by a shadow wraith (16 damage)
             ... in the Dungeon (Sprint VII: "The Pits").
             The game lasted 00:03:01 (826 turns).

diana the Chopper (Demonspawn Gladiator)             Turns: 826, Time: 00:03:01

Health: -1/44      AC:  6    Str: 15    XL:     5   Next: 92%
Magic:  9/9        EV: 15    Int:  9    God:    Makhleb [****..]
Gold:   0          SH:  0    Dex: 15    Spells: 4/4 levels left

rFire    . . .     SeeInvis .   a - +0 war axe
rCold    . . .     Gourm    .   (no shield)
rNeg     . . .     Faith    .   b - +0 leather armour
rPois    .         Spirit   .   c - +0 helmet
rElec    .         Reflect  .   (no cloak)
rCorr    .         Harm     .   (no gloves)
MR       .....     NoTele   +   (no boots)
Stlth    ++........             (no amulet)
HPRegen  0.14/turn              (no ring)
MPRegen  0.11/turn              (no ring)

@: slowed, very slow
A: icy blue scales 1, nightstalker 1
a: Minor Destruction, Lesser Servant of Makhleb, Major Destruction, Renounce
Religion


You were in the Dungeon.
You worshipped Makhleb.
Makhleb was greatly pleased with you.
You were not hungry.

You visited 1 branch

Inventory:

Hand Weapons
 a - a +0 war axe (weapon)
 l - a +2 hand axe of freezing
Missiles
 d - 3 throwing nets (quivered)
 q - 16 stones
Armour
 b - a +0 leather armour (worn)
 c - a +0 helmet (worn)
Magical Staves
 r - an uncursed staff of energy
Scrolls
 k - a scroll of blinking
 n - 3 scrolls of remove curse
 o - 5 scrolls of amnesia
 p - a scroll of summoning
Potions
 e - a potion of curing
 g - a potion of heal wounds
 h - a potion of haste
 i - 4 potions of magic
 j - 3 potions of berserk rage
 m - 2 potions of invisibility
Comestibles
 f - 9 rations


   Skills:
 + Level 5.3 Fighting
 * Level 7.2 Axes
 - Level 1.7 Throwing
 + Level 4.5 Armour
 + Level 5.3 Dodging
 + Level 5.3 Invocations


You had 4 spell levels left.
You didn't know any spells.
Your spell library was empty.

Dungeon Overview and Level Annotations

Branches:
Dungeon (1/1)

Altars:
Ashenzari
Cheibriados
Dithmenos
Elyvilon
Fedhas
Gozag
Hepliaklqana
Kikubaaqudgha
Makhleb
Nemelex Xobeh
Okawaru
Qazlal
Ru
Sif Muna
Trog
Uskayaw
Vehumet
Wu Jian
Xom
Yredelemnul
Zin
The Shining One
Beogh
Jiyva
Lugonu


Innate Abilities, Weirdness & Mutations

You are partially covered in icy blue scales. (AC +2)
You are slightly more attuned to the shadows.


Message History

You closely miss the rat. You hit something but do no damage.
You hear a bark!
The hell hound barks!
You hear a bark!
Something hits you!
Deactivating autopickup; reactivate with Ctrl-A.
The rat barely misses you.
You hear a bellow!
You hear a screech!
Unknown command.
You hear a shout!
You hear a deafening roar!
You slash the rat!
You kill the rat!
Makhleb accepts your kill.
You hit something but do no damage.
A ynoxinul comes into view.
Something hits you! Something drains your vigour!
You feel yourself slow down.
You slash something!
The ynoxinul gestures.
Something hits you!
The ynoxinul gestures.
Something hits you!
You die...

#### ...+ ...+
###..# #3#..# #{5.#
#.#@.# #H##..# #h#
#..#
################..#
..................#
..................#
#######''##########
#######''##########
..............##..#


You could see a ynoxinul and an ufetubus.

Vanquished Creatures
  2 big kobolds (D)
  A crimson imp (D)
  2 worker ants (D)
  A gnoll (D)
  An adder (D)
  2 oozes (D)
  An orc (D)
  A bat skeleton (D)
  A hobgoblin (D)
  A kobold (D)
  2 frilled lizards (D)
  A jackal skeleton (D)
  A rat (D)
17 creatures vanquished.

Notes
Turn   | Place    | Note
-------+----------+-------------------------------------------
     0 | D        | diana the Demonspawn Gladiator began the quest for the Orb.
     0 | D        | Reached XP level 1. HP: 16/16 MP: 1/1
    13 | D        | Reached skill level 3 in Axes
    61 | D        | Found a glowing golden altar of the Shining One.
    61 | D        | Found a glowing silver altar of Zin.
    61 | D        | Found a basalt altar of Yredelemnul.
    61 | D        | Found a shimmering altar of Xom.
    61 | D        | Found an ornate altar of the Wu Jian Council.
    61 | D        | Found a bloodstained altar of Trog.
    61 | D        | Found a deep blue altar of Sif Muna.
    61 | D        | Found a sacrificial altar of Ru.
    61 | D        | Found a stormy altar of Qazlal.
    61 | D        | Found an iron altar of Okawaru.
    61 | D        | Found a sparkling altar of Nemelex Xobeh.
    61 | D        | Found a burning altar of Makhleb.
    61 | D        | Found a viscous altar of Jiyva.
    61 | D        | Found a hazy altar of Hepliaklqana.
    61 | D        | Found an opulent altar of Gozag.
    61 | D        | Found a blossoming altar of Fedhas.
    61 | D        | Found a white marble altar of Elyvilon.
    61 | D        | Found a shadowy altar of Dithmenos.
    61 | D        | Found a snail-covered altar of Cheibriados.
    62 | D        | Found a radiant altar of Vehumet.
    62 | D        | Found a corrupted altar of Lugonu.
    62 | D        | Found a roughly hewn altar of Beogh.
    63 | D        | Found an ancient bone altar of Kikubaaqudgha.
    63 | D        | Found a hide-covered altar of Uskayaw.
    63 | D        | Found a shattered altar of Ashenzari.
    69 | D        | Became a worshipper of Makhleb the Destroyer
    81 | D        | Noticed a worker ant
    85 | D        | Killed a worker ant
    85 | D        | Reached skill level 4 in Axes
    85 | D        | Gained mutation: You are slightly more attuned to the
                  | shadows. [demonic ancestry]
    85 | D        | Reached XP level 2. HP: 19/24 MP: 2/2
   232 | D        | Reached * piety under Makhleb
   232 | D        | Reached XP level 3. HP: 18/29 MP: 3/3
   503 | D        | Reached ** piety under Makhleb
   503 | D        | Reached skill level 1 in Invocations
   506 | D        | Reached skill level 5 in Axes
   506 | D        | Reached XP level 4. HP: 26/37 MP: 3/5
   613 | D        | Noticed a big kobold
   618 | D        | Noticed a big kobold
   634 | D        | Reached *** piety under Makhleb
   650 | D        | Killed a big kobold
   650 | D        | Reached skill level 6 in Axes
   650 | D        | Reached skill level 5 in Dodging
   650 | D        | Gained mutation: You are partially covered in icy blue
                  | scales. (AC +2) [demonic ancestry]
   650 | D        | Reached XP level 5. HP: 30/43 MP: 6/8
   658 | D        | Reached skill level 5 in Fighting
   658 | D        | Reached skill level 7 in Axes
   658 | D        | Reached skill level 5 in Invocations
   721 | D        | Reached **** piety under Makhleb
   722 | D        | Noticed a gargoyle
   771 | D        | Noticed a gargoyle
   786 | D        | Noticed a sky beast
   821 | D        | Noticed a hell hound
   821 | D        | Noticed a hippogriff
   825 | D        | Noticed a ynoxinul
   826 | D        | Slain by a shadow wraith

Skill      XL: |  1  2  3  4  5 |
---------------+----------------+-----
Axes           | 4 5 6 7 |  7.2
Fighting       | 3 4 5 |  5.3
Armour         | 2 3 4 |  4.5
Dodging        | 3 4 5 |  5.3
Invocations    | 2 4 5 |  5.3
Throwing       | |  1.7

Action                   |  1- 3 |  4- 6 || total
-------------------------+-------+-------++-------
Melee: War axe           |    25 |    49 ||    74
 Stab: Sleeping          |     3 |       ||     3
Armor: Leather armour    |     5 |     7 ||    12
Dodge: Dodged            |    17 |    36 ||    53
